 Dungeon Crawl Stone Soup version 0.28-a0-1565-g95a8017c83 (webtiles) character file.

Game seed: 12395803229327875203

13530 vineage the Warrior (level 11, -12/116 HPs)
             Began as a Minotaur Fighter on Jan 19, 2022.
             Was a Follower of Okawaru.
             Mangled by p0werm0de's ghost (20 damage)
             ... on level 7 of the Dungeon.
             The game lasted 00:09:34 (8371 turns).

vineage the Warrior (Minotaur Fighter)              Turns: 8371, Time: 00:09:35

Health: -12/116    AC: 17    Str: 17    XL:     11   Next: 76%
Magic:  10/10      EV:  9    Int:  1    God:    Okawaru [*.....]
Gold:   333        SH:  0    Dex: 14    Spells: 10/10 levels left

rFire   + . .      SeeInvis .   f - +3 eveningstar (holy)
rCold   + . .      Faith    .   c - +1 buckler
rNeg    . . .      Spirit   .   i - +7 scale mail of Duty {Will+ rCorr Int-4}
rPois   .          Reflect  .   u - +2 hat
rElec   .          Harm     .   r - scarf {shadows}
rCorr   +          Rampage  .   (no gloves)
Will    ++...                   (no boots)
Stlth   ..........              (no amulet)
HPRegen 0.29/turn               q - ring of protection from fire
MPRegen 0.12/turn               (no ring)

@: confused, ambrosia-drunk
A: horns 2, retaliatory headbutt, cold resistance 1, strong-willed 1, weak 2
a: Renounce Religion, Heroism


You were on level 7 of the Dungeon.
You worshipped Okawaru.
Okawaru was aware of your devotion.
You visited 2 branches of the dungeon, and saw 8 of its levels.

You collected 333 gold pieces.

Inventory:

Hand Weapons
 a - a +0 war axe
 f - a +3 eveningstar of holy wrath (weapon)
Armour
 b - a +0 scale mail
 c - a +1 buckler (worn)
 i - the +7 scale mail of Duty (worn) {Will+ rCorr Int-4}
   (You acquired it on level 4 of the Dungeon)

   Int:       It affects your intelligence (-4).
   rCorr:     It protects you from acid and corrosion.
   Will:      It increases your willpower.
 r - a scarf of shadows (worn)
 u - a +2 hat (worn)
Jewellery
 q - a ring of protection from fire (left hand)
Wands
 d - a wand of flame (21)
 l - a wand of paralysis (7)
 v - a wand of mindburst (13)
Scrolls
 h - 2 scrolls of teleportation
 j - 2 scrolls of enchant weapon
Potions
 e - a potion of flight
 g - 2 potions of degeneration
 n - a potion of lignification
 o - a potion of magic


   Skills:
 + Level 16.6 Fighting
 - Level 2.4(8.2) Axes
 - Level 12.2(12.3) Maces & Flails
 - Level 7.9 Armour
 - Level 7.9 Shields


You had 10 spell levels left.
You didn't know any spells.
Your spell library contained the following spells:

 Spells                   Type           Power      Damage    Failure   Level
 Foxfire                  Conj/Fire      0%         2x1d4     94%         1
 Freeze                   Ice            0%         1d3       94%         1
 Conjure Flame            Conj/Fire      0%         6-21      100%        3
 Frozen Ramparts          Ice            0%         1d2       100%        3
 Inner Flame              Hex/Fire       0%         N/A       100%        3
 Stone Arrow              Conj/Erth      0%         3d7       100%        3
 Flame Wave               Conj/Fire      0%         2d4       100%        4
 Simulacrum               Ice/Necr       Unusable   N/A       N/A         6

Dungeon Overview and Level Annotations

Branches:
Dungeon (7/15)             Temple (1/1) D:6

Altars:
Ashenzari
Cheibriados
Elyvilon
Makhleb
Okawaru
Ru
Sif Muna
Vehumet
Zin

Shops:
D:2 (:

Annotations:
D:7 1 transporter, Grum; p0werm0de's ghost, novice PaCK


Innate Abilities, Weirdness & Mutations

You have a pair of horns on your head.
You reflexively headbutt those who attack you in melee.
Your flesh is cold resistant. (rC+)
You are strong-willed. (Will+)
You are very weak. (Str -4)


Message History

You feel sick.
You feel sick.
There is an open translucent door here.
Things that are here:
a +2 halberd of venom; a gnoll corpse You feel sick.
You feel sick.
P0werm0de's ghost is nearby!
You feel sick.
It was a potion of ambrosia.
You are confused.
You feel invigorated.
You feel like a meek peon again.
You feel sick.
It was a potion of mutation.
You feel extremely strange.
You feel weaker. x2; You feel strong-willed.
You feel resistant to cold.
You feel sick.
You bump into the translucent stone wall.
You feel sick.
You sock p0werm0de's ghost!
P0werm0de's ghost convulses.
P0werm0de's ghost is moderately damaged.
You feel sick.
You are no longer poisoned.
P0werm0de's ghost hits you!
* * * LOW HITPOINT WARNING * * *
You are electrocuted!
* * * LOW HITPOINT WARNING * * *
You hit p0werm0de's ghost but do no damage.
You headbutt p0werm0de's ghost, but do no damage.
P0werm0de's ghost is moderately damaged.
P0werm0de's ghost hits you!
* * * LOW HITPOINT WARNING * * *
Unknown command.
You bump into the translucent stone wall.
The gnoll sergeant hits you from afar with a +0 spear.
* * * LOW HITPOINT WARNING * * *
P0werm0de's ghost hits you.
* * * LOW HITPOINT WARNING * * *
You are electrocuted!!
You die...

...........................#
.≈≈≈≈≈≈≈≈≈≈≈≈≈≈≈≈≈≈≈≈≈≈≈≈≈.#
.≈≈≈≈≈≈≈≈≈≈≈≈≈≈≈≈≈≈≈≈≈≈≈≈≈.#
.≈≈#####...........#####≈≈.#
.≈≈#h#g#.###.©.###.#g#.#≈≈.#
.≈≈#ghh###.#####.###...#≈≈.#
.≈≈###h.gW.W.........###≈≈.#
.≈≈.8#.######)###'##,#8.≈≈.#
.≈≈.##.#...#8..#@..#.##.≈≈.#
.≈≈.#..'..:#⌠©gW)..'..#.≈≈.#
.≈≈.##.#.},#8))#)..#.##.≈≈.#
.≈≈.8#,*##*##)###'##,#8.≈≈.#
.≈≈###......)........###≈≈.#
.≈≈#...###©#####.###.$.#≈≈.#
.≈≈#.#.#.###.©.###.#.#.#≈≈.#
.≈≈#####...........#####≈≈.#
.≈≈≈≈≈≈≈≈≈≈≈...≈≈≈≈≈≈≈≈≈≈≈.##


You could see a gnoll sergeant and p0werm0de's ghost.

Vanquished Creatures
  2 hornets
  Grinder (D:5)
  Sigmund (D:5)
  Eustachio (D:6)
  2 steam dragons
  Edmund (D:6)
  2 water moccasins (D:7)
  An ice beast (D:6)
  An orc warrior (D:7)
  A necrophage (D:6)
  2 ogres
  5 bullfrogs
  A gnoll sergeant (D:7)
  A water moccasin zombie (D:5)
  5 electric eels (D:7)
  4 centaur zombies
  3 jellies
  2 orc priests
  8 hounds
  A gnoll shaman (D:7)
  3 iguanas
  Natasha (thrice) (D:3)
  3 orc wizards
  7 gnolls (D:7)
  A howler monkey skeleton (D:7)
  7 adders
  3 white imps
  An ufetubus (D:5)
  2 worms
  A dart slug (D:2)
  15 orcs
  7 endoplasms
  3 giant cockroaches
  3 goblins
  4 hobgoblins
  4 jackals (D:2)
  6 kobolds
  7 quokkas
  9 ball pythons
  2 bats (D:2)
  7 frilled lizards
  5 rats
148 creatures vanquished.

Vanquished Creatures (others)
  An orc (D:4)
  26 plants
27 creatures vanquished.

Grand Total: 175 creatures vanquished

Notes
Turn   | Place    | Note
-------+----------+-------------------------------------------
     0 | D:1      | vineage the Minotaur Fighter began the quest for the Orb.
     0 | D:1      | Reached XP level 1. HP: 19/19 MP: 0/0
   165 | D:1      | Reached skill level 4 in Fighting
   279 | D:1      | Reached XP level 2. HP: 26/28 MP: 1/1
  1177 | D:2      | Found Sosoelij's Book Shop.
  1190 | D:2      | Reached skill level 5 in Fighting
  1197 | D:2      | Reached XP level 3. HP: 30/36 MP: 2/2
  1362 | D:2      | Found Mine's Weapon Shoppe.
  1650 | D:2      | Got the Catalogue of Ice and the Rocks
  1676 | D:2      | Found a faded altar of an unknown god.
  2046 | D:3      | Found a snail-covered altar of Cheibriados.
  2052 | D:3      | Noticed Natasha
  2057 | D:3      | Killed Natasha
  2058 | D:3      | Reached skill level 6 in Fighting
  2058 | D:3      | Reached XP level 4. HP: 29/44 MP: 3/3
  2097 | D:3      | Noticed Natasha
  2106 | D:3      | Killed Natasha
  2254 | D:3      | Noticed Natasha
  2265 | D:3      | Killed Natasha
  2361 | D:3      | Reached skill level 7 in Fighting
  2361 | D:3      | Reached XP level 5. HP: 52/52 MP: 4/4
  3069 | D:4      | Noticed an ogre
  3075 | D:4      | Killed an ogre
  3076 | D:4      | Reached skill level 8 in Fighting
  3077 | D:4      | Reached XP level 6. HP: 7/61 MP: 5/5
  3663 | D:4      | Noticed a steam dragon
  3666 | D:4      | Reached skill level 9 in Fighting
  3676 | D:4      | Killed a steam dragon
  3677 | D:4      | Reached XP level 7. HP: 6/71 MP: 6/6
  4403 | D:4      | Reached skill level 10 in Fighting
  4422 | D:4      | Identified 2 scrolls of acquirement
  4422 | D:4      | Acquired a +2 eveningstar of holy wrath
  4427 | D:4      | Acquired the +7 scale mail of Duty {Will+ rCorr Int-4}
  4520 | D:4      | You fall into a shaft and drop 1 floor!
  4520 | D:5      | Entered Level 5 of the Dungeon
  4581 | D:5      | Noticed Grinder
  4615 | D:5      | Killed Grinder
  4616 | D:5      | Reached skill level 11 in Fighting
  4661 | D:5      | Noticed Sigmund
  4676 | D:5      | Killed Sigmund
  4677 | D:5      | Reached XP level 8. HP: 58/83 MP: 7/7
  4869 | D:5      | Reached skill level 12 in Fighting
  5330 | D:6      | Noticed Eustachio
  5332 | D:6      | Killed Eustachio
  5333 | D:6      | Reached skill level 13 in Fighting
  5340 | D:6      | Found a staircase to the Ecumenical Temple.
  5363 | Temple   | Entered the Ecumenical Temple
  5502 | Temple   | Became a worshipper of Warmaster Okawaru
  5718 | D:6      | Reached skill level 14 in Fighting
  5893 | D:6      | Noticed Edmund
  5900 | D:6      | Killed Edmund
  6259 | D:6      | Reached XP level 9. HP: 95/95 MP: 8/8
  6344 | D:7      | Paralysed by a hornet for 1 turns
  6350 | D:6      | Paralysed by a hornet for 2 turns
  6353 | D:6      | Paralysed by a hornet for 2 turns
  6665 | D:7      | Reached * piety under Okawaru
  6866 | D:7      | Reached skill level 15 in Fighting
  6971 | D:7      | Noticed Grum
  6972 | D:7      | Found a transporter.
  6977 | D:7      | Found a transporter.
  6998 | D:7      | Identified the amulet "Cihippat" {RegenMP Dex+4}
  7094 | D:7      | Paralysed by a hornet for 3 turns
  7099 | D:7      | Paralysed by a hornet for 3 turns
  7577 | D:7      | Reached skill level 16 in Fighting
  8237 | D:7      | Reached XP level 10. HP: 108/108 MP: 9/9
  8238 | D:7      | Reached XP level 11. HP: 115/115 MP: 10/10
  8290 | D:7      | Noticed p0werm0de's ghost (novice PaCK)
  8367 | D:7      | Gained mutation: You are weak. (Str -2) [potion of
                  | mutation]
  8367 | D:7      | Gained mutation: You are very weak. (Str -4) [potion of
                  | mutation]
  8367 | D:7      | Gained mutation: You are strong-willed. (Will+) [potion of
                  | mutation]
  8367 | D:7      | Gained mutation: Your flesh is cold resistant. (rC+)
                  | [potion of mutation]
  8371 | D:7      | Mangled by p0werm0de's ghost

Illustrated notes

Levels and vault maps discovered:
D:1:      nicolae_arrival_washed_ashore, layout_loops_ring
D:2:      wander_river, layout_basic, basic_ecumenical_altar, serial_shops,
          shop, nicolae_shop_waterfront, kennysheep_generic_room_11
D:3:      layout_loops_ring, nicolae_overflow_crystal_walls, kennysheep_path_1,
          uniq_natasha
D:4:      layout_rooms, serial_forest, infiniplex_forest_lined_room_2,
          infiniplex_forest_clump_diagonal, infiniplex_forest_clump_large,
          infiniplex_forest_lined_ring, infiniplex_forest_corner_1,
          infiniplex_forest_clump_C, infiniplex_forest_lined_corner,
          saegor_snake_ambush
D:5:      layout_loops_cross, kennysheep_generic_room_15, uniq_sigmund,
          uniq_grinder
D:6:      layout_gridville, minmay_temple_entry_glass, uniq_edmund,
          uniq_eustachio
D:7:      layout_rooms, gammafunk_ghost_gnarly_gnolls, serial_bayou,
          serial_bayou_lagoon_b, serial_bayou_pond_a, serial_bayou_pond_d,
          serial_bayou_pond_b, serial_bayou_ford_a, grunt_decor_junction,
          st_stairs_9
Temple:   roderic_octagonal_lattice_temple

Skill      XL: |  1  2  3  4  5  6  7  8  9 10 |
---------------+-------------------------------+-----
Fighting       | 4 5 6 7 8 9 11 14 16 | 16.6
Maces & Flails | 6 12 | 12.2
Armour         | 7 |  7.9
Shields        | 7 |  7.9
Axes           | |  2.4

Action                   |  1- 3 |  4- 6 |  7- 9 | 10-12 || total
-------------------------+-------+-------+-------+-------++-------
Melee: War axe           |   121 |    82 |    28 |       ||   231
       Headbutt          |    12 |    14 |    38 |     5 ||    69
       Eveningstar       |       |       |   158 |    22 ||   180
Invok: Heroism           |       |       |       |     1 ||     1
  Use: Potion            |       |     2 |     4 |     3 ||     9
       Scroll            |       |       |    16 |       ||    16
Armor: Scale mail        |    65 |    43 |   109 |    10 ||   227
Dodge: Dodged            |    46 |    34 |    96 |    11 ||   187
Block: Buckler           |    34 |    16 |    58 |    15 ||   123

Table legend: (Time is in decaauts)
 A = Elapsed time spent in this place.
 B = Non-inter-level travel time spent in this place.
 C = Inter-level travel time spent in this place.
 D = Time resting spent in this place.
 E = Time spent auto-exploring this place.
 F = Levels seen in this place.
 G = Mean time per level.
                   A        B        C        D        E       F      G
               +--------+--------+--------+--------+--------+-----+--------+
         Total |   8653 |   8385 |    268 |   1329 |   5897 |   8 | 1081.6 |
       Dungeon |   8489 |   8256 |    233 |   1329 |   5778 |   7 | 1212.7 |
        Temple |    163 |    128 |     35 |      0 |    119 |   1 |  163.0 |
               +--------+--------+--------+--------+--------+-----+--------+

Top non-repeatable levels by time:
     D:7: 1792 daAuts
     D:4: 1547 daAuts
     D:6: 1298 daAuts
     D:1: 1177 daAuts
     D:3: 1153 daAuts
     D:2: 798 daAuts
     D:5: 723 daAuts
  Temple: 163 daAuts
